 Dungeon Crawl Stone Soup version 0.29-b1-5-gddc7ae1da1 (webtiles) character file.

Game seed: 17228492722343955137

21 funkygono the Firebug (level 2, 0/15 HPs)
             Began as a Gargoyle Fire Elementalist on Aug 22, 2022.
             Slain by a goblin
             ... wielding a +0 club
              (3 damage)
             ... on level 1 of the Dungeon.
             The game lasted 00:01:10 (678 turns).

funkygono the Firebug (Gargoyle Fire Elementalist)   Turns: 678, Time: 00:01:11

Health: 0/15       AC:  5    Str: 11    XL:     2   Next: 83%
Magic:  3/5        EV: 11    Int: 15    God:
Gold:   19         SH:  0    Dex: 10    Spells: 4/5 levels left

rFire   . . .      SeeInvis .   c - +0 club
rCold   . . .      Faith    .   (no shield)
rNeg    + . .      Spirit   .   f - +0 leather armour
rPois   ∞          Reflect  .   (no helmet)
rElec   +          Harm     .   (no cloak)
rCorr   .          Rampage  .   (no gloves)
Will    .....                   (no boots)
Stlth   ++........              (no amulet)
HPRegen 0.05/turn               (no ring)
MPRegen 0.09/turn               (no ring)

@: very slightly contaminated
A: sickness immunity, AC +2, negative energy resistance 1, electricity
resistance, torment resistance 1, petrification resistance
a: no special abilities


You were on level 1 of the Dungeon.
You visited 1 branch of the dungeon, and saw 1 of its levels.

You collected 19 gold pieces.

Inventory:

Hand Weapons
 c - a +0 club (weapon)
Armour
 a - a +0 robe
 f - a +0 leather armour (worn)
Scrolls
 e - a scroll of amnesia {unknown}
Potions
 b - a potion of magic
 d - a potion of haste {unknown}


   Skills:
 + Level 1.8 Dodging
 + Level 2.1 Stealth
 + Level 2.3 Spellcasting
 + Level 1.1 Conjurations
 + Level 3.5 Fire Magic


You had 4 spell levels left.
You knew the following spells:

 Your Spells              Type           Power      Damage    Failure   Level
a - Foxfire               Conj/Fire      32%        2x1d5     11%         1

Your spell library contained the following spells:

 Spells                   Type           Power      Damage    Failure   Level
 Scorch                   Fire           24%        2d6       10%         2
 Conjure Flame            Conj/Fire      8%         6-21      32%         3
 Inner Flame              Hex/Fire       6%         N/A       38%         3
 Flame Wave               Conj/Fire      8%         2d5       73%         4
 Anguish                  Hex/Necr       0%         N/A       96%         4
 Enfeeble                 Hex            0%         N/A       100%        7


Dungeon Overview and Level Annotations

Branches:
Dungeon (1/15)

Altars:


Innate Abilities, Weirdness & Mutations

You are immune to sickness and miasma.
Your stone body is resilient. (AC +2)
You are immune to poison.
You resist negative energy. (rN+)
You are resistant to electric shocks. (rElec)
You are resistant to unholy torment.
You are immune to petrification.


Message History

You are very lightly contaminated with residual magic.
Nothing appears to happen.
Casting: Foxfire (safe; 11% risk of failure)
Confirm with . or Enter, or press ? or * to list all spells.
You conjure some foxfire!
Casting: Foxfire (safe; 11% risk of failure)
Confirm with . or Enter, or press ? or * to list all spells.
You conjure some foxfire!
The foxfire hits the kobold.
You kill the kobold!
Unknown command.
Your foxfire dissipates!
Your foxfire dissipates! x2
Things that are here:
a +1 dagger of speed; a goblin corpse Your magical contamination has completely faded away.
You now have 19 gold pieces (gained 2).
A hobgoblin comes into view.
The hobgoblin shouts!
A goblin comes into view. It is wielding a +0 club.
The goblin shouts!
Found 15 gold pieces.
Casting: Foxfire (safe; 11% risk of failure)
Confirm with . or Enter, or press ? or * to list all spells.
You conjure some foxfire!
The hobgoblin closely misses you.
The foxfire hits the hobgoblin.
The hobgoblin is severely wounded.
The hobgoblin hits you.
You barely miss the goblin. The goblin hits you with a +0 club.
The hobgoblin hits you but does no damage.
You hit the hobgoblin.
You kill the hobgoblin!
The goblin hits you but does no damage. The goblin hits you with a +0 club.
The goblin hits you with a +0 club.
* * * LOW HITPOINT WARNING * * *
Casting: Foxfire (safe; 11% risk of failure)
Confirm with . or Enter, or press ? or * to list all spells.
You miscast Foxfire.
You are very lightly contaminated with residual magic.
Nothing appears to happen.
The goblin hits you with a +0 club.
You die...

......# ......# #..
......# #######.##
......###..........
..................
.......##.........
.........####....###
.............$.....#
......#.....###g@#
........###..###.#
...##..## #.# #.#
##....## #.# #.#
...#.## ##.###.#
####.# ##......###
#.# ##...........#
.. #.##
#............#
#.##..#
#............#


You could see a goblin.

Vanquished Creatures
  A dart slug (D:1)
  A ball python (D:1)
  An endoplasm (D:1)
  A giant cockroach (D:1)
  3 goblins (D:1)
  3 hobgoblins (D:1)
  2 bats (D:1)
  A frilled lizard (D:1)
  2 kobolds (D:1)
  2 rats (D:1)
17 creatures vanquished.

Vanquished Creatures (others)
  37 foxfires (D:1)
37 creatures vanquished.

Grand Total: 54 creatures vanquished

Notes
Turn   | Place    | Note
-------+----------+-------------------------------------------
     0 | D:1      | funkygono the Gargoyle Fire Elementalist began the quest
                  | for the Orb.
     0 | D:1      | Reached XP level 1. HP: 10/10 MP: 3/3
   174 | D:1      | Reached XP level 2. HP: 15/15 MP: 1/5
   678 | D:1      | Slain by a goblin

Illustrated notes

Levels and vault maps discovered:
D:1:      dpeg_arrival_three_smaller_balls, layout_rooms

Action                   || total
-------------------------++-------
Melee: Club              ||    22
 Cast: Foxfire           ||    23
Armor: Robe              ||     5
       Leather armour    ||     5
Dodge: Dodged            ||    15
